AoeStats
← willrhyd

Lombardia

509449652Analyzed
4v4 RM · 5d ago on Sep 26, 2026· 53m 42s· 8 players
Game mode
Random Map
Map size
Large (8 player)
Population
200
Speed
Normal
Resources
Standard
Victory
Conquest
Starting age
Dark Age
Ending age
Imperial Age
RankedLock teamsTeams togetherTeam positionsShared explorationLock speedFull tech treeHidden civsTurbo modeCheats
Victory
Defeat
🇦🇷 Hindustanis · Argentina
1493
+13
🇦🇷 Spanish · Argentina
1427
+15
🇬🇧 Persians · United Kingdom
1425
+15
🇺🇸 Danes · United States
1413
+16
🇸🇪 Mongols · Sweden
1496
-17
🇸🇪 Jurchens · Sweden
1472
-17
🇸🇪 Lithuanians · Sweden
1382
-14
🇸🇪 Khmer · Sweden
1304
-11
Gustavus Adolphus
9:09 Loom
13:41 Feudal Age
16:58 Castle Age
15:26 Double-Bit Axe
16:37 Horse Collar
18:16 Bow Saw
26:31 Gold Mining
27:21 Scale Barding Armor
28:47 Gold Shaft Mining
33:12 Imperial Age
31:07 Chain Barding Armor
31:08 Husbandry
31:59 Bloodlines
32:10 Forging
33:43 Wheelbarrow
34:37 Plate Barding Armor
33:25 Cavalier
34:53 Stone Mining
35:21 Hand Cart
36:34 Iron Casting
38:11 Elite Battle Elephant
41:04 Blast Furnace
40:57 Caravan
43:41 Tusk Swords
44:02 Conscription
44:47 Light Cavalry
45:32 Hussar
48:19 Fletching
Sgt. Love
9:01 Loom
10:47 Feudal Age
14:58 Castle Age
13:27 Horse Collar
15:55 Double-Bit Axe
16:16 Heavy Plow
17:01 Bow Saw
20:54 Fletching
22:39 Bloodlines
22:31 Husbandry
23:24 Bodkin Arrow
24:21 Padded Archer Armor
28:39 Ballistics
28:18 Town Watch
29:08 Wheelbarrow
33:04 Imperial Age
31:00 Gold Mining
31:16 Thumb Ring
32:34 Leather Archer Armor
33:46 Bracer
34:48 Chemistry
35:47 Conscription
36:23 Parthian Tactics
35:18 Elite Skirmisher
36:18 Hand Cart
38:36 Elite Mangudai
41:10 Onager
42:32 Heavy Scorpion
46:35 Drill
47:08 Scale Barding Armor
48:48 Light Cavalry
49:55 Forging
hadiraja
8:15 Loom
10:01 Feudal Age
11:01 Double-Bit Axe
11:05 Horse Collar
16:33 Bloodlines
16:37 Scale Barding Armor
21:45 Castle Age
23:56 Bow Saw
24:41 Husbandry
26:15 Wheelbarrow
25:43 Heavy Plow
25:35 Gold Mining
29:57 Hand Cart
29:27 Town Watch
31:16 Husbandry
31:28 Forging
36:01 Imperial Age
34:23 Chain Barding Armor
36:09 Cavalier
37:26 Iron Casting
38:45 Plate Barding Armor
43:35 Paladin
45:42 Conscription
45:57 Hoardings
46:15 Fletching
46:40 Caravan
48:20 Light Cavalry
49:42 Ballistics
52:01 Winged Hussar
hro_ros
8:56 Feudal Age
11:30 Wheelbarrow
10:43 Loom
15:29 Wheelbarrow
19:02 Castle Age
17:49 Horse Collar
25:02 Sanctity
31:01 Hand Cart
32:06 Double-Bit Axe
33:21 Fervor
35:31 Heavy Plow
35:41 Bow Saw
38:34 Imperial Age
36:59 Stone Mining
37:00 Gold Mining
38:00 Bloodlines
37:51 Husbandry
38:29 Scale Barding Armor
39:52 Block Printing
40:20 Illumination
40:32 Theocracy
43:47 Thunderclap Bombs
45:44 Padded Archer Armor
48:49 Siege Engineers
50:59 Caravan
51:41 Fletching
53:44 Leather Archer Armor
LeoGalda
10:26 Feudal Age
14:41 Castle Age
13:38 Double-Bit Axe
14:37 Horse Collar
16:39 Loom
17:30 Bow Saw
25:00 Heavy Plow
26:22 Wheelbarrow
27:49 Bloodlines
27:39 Husbandry
27:41 Padded Archer Armor
28:52 Town Watch
29:46 Leather Archer Armor
32:25 Fletching
34:51 Hand Cart
36:21 Gold Mining
39:09 Imperial Age
39:17 Elite Conquistador
40:38 Ring Archer Armor
44:31 Hoardings
47:47 Conscription
47:48 Supremacy
50:30 Bodkin Arrow
51:36 Two-Man Saw
50:03 Light Cavalry
51:01 Caravan
53:26 Masonry
54:17 Chemistry
53:41 Bracer
[BadStart] The Shadow
2:07 Loom
5:56 Loom
8:23 Feudal Age
9:14 Double-Bit Axe
10:08 Horse Collar
21:25 Castle Age
19:59 Bloodlines
19:41 Gold Mining
20:07 Scale Barding Armor
22:25 Husbandry
22:48 Chain Barding Armor
22:40 Bow Saw
28:15 Wheelbarrow
28:18 Fervor
28:09 Town Watch
33:50 Imperial Age
32:07 Hand Cart
31:37 Light Cavalry
32:28 Forging
33:17 Fortified Wall
35:14 Plate Barding Armor
34:19 Hussar
36:33 Iron Casting
37:42 Heavy Camel Rider
39:23 Blast Furnace
39:02 Stone Mining
40:32 Caravan
40:48 Imperial Camel Rider
45:23 Fletching
50:50 Chemistry
52:14 Conscription
51:55 Grand Trunk Road
willrhyd
7:05 Loom
9:23 Feudal Age
9:57 Double-Bit Axe
11:21 Horse Collar
18:55 Castle Age
17:21 Fletching
17:58 Bloodlines
19:18 Bodkin Arrow
19:44 Bow Saw
21:01 Husbandry
24:21 Wheelbarrow
25:16 Thumb Ring
26:03 Hand Cart
26:22 Parthian Tactics
26:57 Padded Archer Armor
27:55 Leather Archer Armor
27:47 Gold Mining
28:52 Ballistics
37:40 Imperial Age
35:20 Town Watch
36:41 Scale Barding Armor
36:46 Forging
37:42 Chain Barding Armor
37:31 Cavalier
37:35 Heavy Camel Rider
41:39 Plate Barding Armor
41:39 Iron Casting
42:58 Murder Holes
43:23 Caravan
47:09 Chemistry
47:39 Coinage
50:59 Blast Furnace
51:48 Conscription
51:44 Citadels
kwestes
5:50 Loom
10:58 Feudal Age
15:32 Castle Age
13:56 Double-Bit Axe
15:57 Wheelbarrow
15:51 Horse Collar
16:02 Gambesons
16:17 Squires
16:16 Arson
18:54 Scale Mail Armor
27:06 Heavy Plow
28:47 Chain Mail Armor
28:42 Forging
35:54 Imperial Age
33:55 Bow Saw
34:39 Hand Cart
37:11 Iron Casting
37:51 Plate Mail Armor
38:46 Conscription
37:48 Pikeman
39:49 Blast Furnace
38:42 Halberdier
41:19 Fletching
41:39 Elite Varangian Guard
42:16 Bodkin Arrow
41:43 Hamask
44:45 Onager
48:05 Coinage
50:11 Caravan
Connection lost

Rejoining the realm…

Still unreachable

The connection could not be restored.

Session expired

The server has moved on; the page needs a fresh start.